 Dungeon Crawl Stone Soup version 0.30.1-11-g7821555f0a (webtiles) character file.

Game seed: 14565940407070262135

424 Azmodeaus the Shield-Bearer (level 6, -1/61 HPs)
             Began as a Troll Fighter on Dec 31, 2023.
             Was a Follower of the Shining One.
             Slain by an ogre
             ... wielding a +0 giant club
              (25 damage)
             ... on level 5 of the Dungeon on Jan 1, 2024.
             The game lasted 00:27:18 (4305 turns).

Azmodeaus the Shield-Bearer (Troll Fighter)         Turns: 4305, Time: 00:27:19

Health: -1/61      AC:  4    Str: 30    XL:     6   Next: 64%
Magic:  5/5        EV: 10    Int:  2    God:    the Shining One [*.....]
Gold:   196        SH:  9    Dex: 12    Spells: 5/5 levels left

rFire   x . .        k - +4 whip "Sanelo" {venom, rF- rN++ rCorr SInv}
rCold   + . .        c - +1 kite shield
rNeg    + + .        b - +0 robe
rPois   .            (helmet restricted)
rElec   .            (no cloak)
rCorr   +            (gloves unavailable)
SInv    +            (boots unavailable)
Will    .....        (no amulet)
Stlth   +            f - ring of protection from cold
HPRegen 1.10/turn    (no ring)
MPRegen 0.09/turn

%: no passive effects
@: glowing
A: large, unfitting armour, claws 3, regeneration 1, shaggy fur 1, tough skin 1,
agile 1, strong 1, inability to read after injury 1, noise suppression
a: Renounce Religion, Divine Shield


You were on level 5 of the Dungeon.
You worshipped the Shining One.
The Shining One was aware of your devotion.
You visited 1 branch of the dungeon, and saw 5 of its levels.

You collected 196 gold pieces.

Inventory:

Hand Weapons
 a - a +1 long sword
 k - the +4 whip "Sanelo" (weapon) {venom, rF- rN++ rCorr SInv}
   (You found it on level 2 of the Dungeon)

   rF:        It makes you vulnerable to fire.
   rN:        It greatly protects you from negative energy.
   SInv:      It lets you see invisible.
   rCorr:     It protects you from acid and corrosion.
Missiles
 h - 44 stones (quivered)
Armour
 b - a +0 robe (worn)
 c - a +1 kite shield (worn)
Jewellery
 f - a ring of protection from cold (left claw)
Wands
 l - a wand of digging (4)
 s - a wand of polymorph (10)
Scrolls
 e - a scroll of fog {unknown}
 i - 2 scrolls of summoning
 p - a scroll of enchant armour
 r - a scroll of teleportation
 t - a scroll of fear
Potions
 d - 5 potions of might
 j - a potion of flight
 m - 2 potions of curing
 q - 2 potions of brilliance


   Skills:
 + Level 3.1 Fighting
 + Level 2.4 Long Blades
 + Level 2.3 Maces & Flails
 + Level 3.9 Dodging
 + Level 0.4 Stealth
 + Level 4.1 Shields


You had 5 spell levels left.
You didn't know any spells.
Your spell library contained the following spells:

 Spells                   Type           Power      Damage    Failure   Level
 Beastly Appendage        Tmut           0%         N/A       77%         1
 Cigotuvi's Dreadful Rot  Necr/Pois/Air  0%         N/A       88%         2
 Lesser Beckoning         Tloc           0%         N/A       88%         2
 Wereblood                Tmut           0%         N/A       88%         2
 Gell's Gravitas          Tloc           0%         N/A       98%         3
 Ignite Poison            Fire/Tmut/Pois 0%         N/A       98%         3
 Spider Form              Tmut/Pois      0%         N/A       98%         3
 Teleport Other           Tloc           0%         N/A       98%         3
 Fireball                 Conj/Fire      0%         3d3       100%        5
 Freezing Cloud           Conj/Ice/Air   0%         6-21      100%        5
 Iron Shot                Conj/Erth      0%         9d1       100%        6
 Storm Form               Tmut/Air       0%         N/A       100%        7


Dungeon Overview and Level Annotations

Branches:
Dungeon (5/15)
 Temple: D:4-7

Altars:
Kikubaaqudgha
Makhleb
The Shining One


Innate Abilities, Weirdness & Mutations

You are too large for most types of armour.
You have claws for hands.
Your natural rate of healing is unusually fast.
You are covered in fur. (AC +1)
You have tough skin. (AC +1)
You are agile. (Dex +4, Str/Int -1)
Your muscles are strong. (Str +4, Int/Dex -1)
You occasionally lose the ability to read scrolls when taking damage.
You passively dampen the noise of your surroundings.


Message History

The gnoll hits you from afar with a +0 spear.
The ogre shouts!
You hit the gnoll.
You kill the gnoll!
The gnoll hits you from afar with a +0 spear!
The gnoll bouda closely misses you. You block the gnoll's attack.
The gnoll hits you with a +0 whip! The gnoll hits you with a +0 spear.
The gnoll bouda closely misses you. The gnoll hits you with a +0 whip!
You block the gnoll's attack.
Things that are here:
a +0 flail; a +0 flail; a gnoll corpse The gnoll closely misses you.
The gnoll bouda hits you with a +0 club.
The gnoll barely misses you. You block the gnoll's attack.
The ogre closely misses you. You block the gnoll's attack.
You whack the ogre!
The ogre looks as sick as possible!
The ogre is moderately wounded.
You block the gnoll bouda's attack. The ogre barely misses you.
The gnoll hits you with a +0 spear. The gnoll hits you but does no damage.
You completely miss the ogre.
The ogre is heavily wounded.
The gnoll bouda hits you with a +0 club.
The gnoll closely misses you. The gnoll hits you with a +0 spear.
* * * LOW HITPOINT WARNING * * *
The gnoll hits you with a +0 spear.
* * * LOW HITPOINT WARNING * * *
Unknown command.
Okay, then.
Unknown command.
You feel much better. The ogre hits you with a +0 giant club!
The gnoll bouda hits you with a +0 club.
The gnoll hits you with a +0 whip. You block the gnoll's attack.
The gnoll hits you with a +0 spear.
You hit the ogre.
The ogre looks as sick as possible!
The ogre is severely wounded.
The gnoll bouda closely misses you. You block the gnoll's attack.
The ogre hits you with a +0 giant club!!
You die...

#..... ....## ......
.... #... ##..## #..O.#
#.g@## ##ggg##
##)..###.. #...)...#
##...##..# #
###...####.## #####.
##.#...###...###...#.⌠
##..##.###....##.#.#.#.
##.............#.⌠.#.⌠.#


You could see an ogre (extremely poisoned), a gnoll bouda and 3 gnolls.

Vanquished Creatures
  A scorpion (D:5)
  2 vampire bats (D:5)
  2 orc priests (D:3)
  A hound (D:4)
  An iguana (D:4)
  2 gnolls (D:5)
  3 adders
  A white imp (D:4)
  2 ufetubi
  3 worms
  2 dart slugs (D:1)
  9 orcs
  5 bat skeletons (D:5)
  A bat zombie (D:5)
  6 endoplasms
  9 goblins
  6 hobgoblins
  A quokka (D:2)
  8 ball pythons
  10 bats
  5 frilled lizards
  A goblin skeleton (D:4)
  2 goblin zombies (D:4)
  6 kobolds
  A kobold skeleton (D:4)
  2 kobold zombies (D:4)
  An orc zombie (D:4)
  4 rats
97 creatures vanquished.

Notes
Turn   | Place    | Note
-------+----------+-------------------------------------------
     0 | D:1      | Azmodeaus the Troll Fighter began the quest for the Orb.
     0 | D:1      | Reached XP level 1. HP: 22/22 MP: 0/0
   281 | D:1      | Reached XP level 2. HP: 27/29 MP: 1/1
   824 | D:2      | You fall into a shaft and drop 1 floor!
   907 | D:2      | Reached XP level 3. HP: 35/36 MP: 2/2
   954 | D:2      | Reached skill level 3 in Shields
  1192 | D:2      | Identified the +4 whip "Sanelo" {venom, rF- rN++ rCorr
                  | SInv}
  2327 | D:3      | Reached XP level 4. HP: 42/44 MP: 3/3
  2394 | D:3      | Got Jiel's Anthology of Blasted Inhalation
  2476 | D:3      | Reached XP level 5. HP: 49/52 MP: 4/4
  2953 | D:4      | Gained mutation: You occasionally lose the ability to read
                  | scrolls when taking damage. [potion of mutation]
  2953 | D:4      | Gained mutation: You passively dampen the noise of your
                  | surroundings. [potion of mutation]
  2953 | D:4      | Gained mutation: Your muscles are strong. (Str +4, Int/Dex
                  | -1) [potion of mutation]
  2953 | D:4      | Gained mutation: You are agile. (Dex +4, Str/Int -1)
                  | [potion of mutation]
  3207 | D:4      | Found a glowing golden altar of the Shining One.
  3211 | D:4      | Reached skill level 1 in Maces & Flails
  3361 | D:4      | Found a burning altar of Makhleb.
  3964 | D:4      | Became a worshipper of the Shining One
  3996 | D:5      | Entered Level 5 of the Dungeon
  3996 | D:5      | Found an ancient bone altar of Kikubaaqudgha.
  4008 | D:5      | Reached XP level 6. HP: 61/61 MP: 5/5
  4016 | D:5      | Reached skill level 4 in Shields
  4290 | D:5      | Reached * piety under the Shining One
  4305 | D:5      | Slain by an ogre

Illustrated notes

Levels and vault maps discovered:
D:1:      ebering_trefoil_3fold, layout_basic, serial_corexii_hall,
          chequers_hall_statues_corner_a, corexii_hall_statues_deadend,
          minmay_misc_feat_nine_boxes
D:2:      layout_basic
D:3:      layout_basic, minmay_randomly_rotated_circles
D:4:      layout_basic, makhleb_heckhound_becter, nicolae_tso_besieged_by_evil
D:5:      layout_cave_pools, kennysheep_vampire_church, amcnicky_altar_gilded,
          led_sif_book, uniq_edmund

Skill      XL: |  1  2  3  4  5  6 |
---------------+-------------------+-----
Long Blades    | 2 |  2.4
Shields        | 3 4 |  4.1
Dodging        | 3 |  3.9
Maces & Flails | 1 2 |  2.3
Fighting       | 3 |  3.1
Stealth        | |  0.4

Action                     |  1- 3 |  4- 6 || total
---------------------------+-------+-------++-------
  Melee: Long sword        |   110 |       ||   110
         Whip              |    25 |   134 ||   159
    Use: Potion            |     3 |     4 ||     7
         Scroll            |     2 |     7 ||     9
 Armour: Robe              |    90 |   102 ||   192
  Dodge: Dodged            |    81 |   132 ||   213
  Block: Kite shield       |    73 |   133 ||   206
